Map: Arctic Flowers LE

Players

Nyck

  • Race: Terran Terran
  • Spawn Location: 1:00

Ekelpack

  • Race: Zerg Zerg
  • Spawn Location: 1:00

kak - Winner!

  • Race: Zerg Zerg
  • Spawn Location: 7:00

Roid - Winner!

  • Race: Protoss Protoss
  • Spawn Location: 7:00

VOD

Have the link to the VOD?

Description

Time

  • Played on: Nov. 27, 2024, 2:12 p.m.
  • Length: 14:03
Show
View Real Time Build Order
Export as new Build Order

Nyck Terran 

Build Orders:  

Get SALT Encoding   

  12  0:00  SCV  
  13  0:12  SCV  
  14  0:17  Supply Depot  
  14  0:27  SCV  
  15  0:39  SCV  
  15  0:41  Barracks  
  16  0:51  SCV  
  17  0:57  Barracks  
  17  1:01  Refinery  
  17  1:03  SCV  
  18  1:16  Supply Depot  
  18  1:17  SCV  
  19  1:29  SCV  
  20  1:37  Refinery  
  20  1:43  Orbital Command  
  20  1:44  Barracks Tech Lab  
  20  1:56  Barracks Reactor  
  20  2:09  Marine  
  20  2:12  SCV  
  22  2:19  Combat Shield  
  22  2:27  SCV  
  22  2:28  Supply Depot  
  22  2:29  Marine  
  24  2:33  Marine x2  
  26  2:39  SCV  
  27  2:47  Marine  
  27  2:51  SCV, Marine x2  
  31  3:00  Barracks  
  31  3:02  Supply Depot  
  31  3:05  Marine  
  32  3:09  Marine x2  
  34  3:14  SCV  
  34  3:19  Factory  
  35  3:22  Marine  
  35  3:24  Supply Depot  
  35  3:26  Marine  
  36  3:33  SCV  
  38  3:54  Marine x2  
  34  3:59  Marine  
  34  4:02  Barracks Reactor  
  34  4:07  Barracks  
  34  4:10  Starport  
  34  4:11  SCV  
  34  4:12  Marine  
  34  4:14  Marine  
  37  4:23  SCV  
  38  4:26  Supply Depot  
  38  4:27  Stimpack  
  38  4:29  Factory Reactor  
  38  4:33  Marine x2  
  38  4:35  SCV, Marine  
  38  4:38  Marine x2  
  44  4:51  Marine  
  43  5:11  Engineering Bay  
  35  5:22  SCV  
  29  5:34  SCV  
  30  5:38  Engineering Bay  
  30  5:43  Missile Turret  
  30  5:48  Medivac x2  
  34  5:52  Marine  
  34  5:53  Marine x4  
  34  5:55  Barracks Reactor  
  39  6:02  SCV  
  40  6:06  Terran Infantry Weapons Level 1  
  40  6:10  Terran Infantry Armor Level 1  
  40  6:30  Marine x3  
  40  6:31  Marine x2  
  40  6:32  Marine x2  
  47  6:38  Hellion  
  49  6:42  SCV  
  50  6:47  Command Center  
  50  6:54  Marine x3  
  50  6:57  Marine  
  50  7:01  SCV  
  55  7:11  Marine x2  
  55  7:12  Marine  
  55  7:13  SCV  
  59  7:25  SCV, Viking  
  62  7:43  SCV  
  63  7:58  Viking  
  65  8:06  Hellion  
  67  8:18  Orbital Command  
  67  8:31  Armory  
  41  8:43  SCV  
  41  8:45  SCV  
  41  8:48  Refinery  
  43  8:51  Refinery  
  43  8:53  Viking  
  43  8:55  SCV  
  46  8:57  SCV  
  46  9:01  Starport  
  47  9:07  SCV  
  47  9:09  SCV  
  45  9:19  SCV  
  45  9:21  SCV  
  45  9:25  Viking x2  
  49  9:31  SCV  
  49  9:33  SCV, Command Center  
  49  9:35  Command Center  
  49  9:38  Marine x4  
  52  9:39  Marine  
  52  9:40  Starport Reactor  
  52  9:43  SCV  
  57  9:46  SCV  
  57  9:48  Marine  
  59  9:53  Terran Vehicle And Ship Armor Level 1  
  59  9:55  SCV, Viking x2  
  59  9:58  SCV  
  59  9:59  Armory  
  65  10:00  Marine  
  65  10:01  Marine x2  
  68  10:08  SCV  
  68  10:10  SCV  
  70  10:17  Viking x2  
  70  10:21  Marine x4  
  76  10:27  Supply Depot  
  78  10:44  Marine x2, Viking x2  
  78  10:47  Terran Ship Weapons Level 1  
  84  10:50  Supply Depot  
  85  10:57  SCV x2  
  85  10:58  Marine  
  85  11:00  Viking x2  
  91  11:07  Marine x2  
  91  11:09  SCV x2  
  95  11:13  Terran Infantry Weapons Level 2  
  95  11:21  Terran Infantry Armor Level 2  
  95  11:24  SCV  
  95  11:25  SCV  
  97  11:28  Refinery  
  97  11:30  Orbital Command  
  97  11:35  Marine  
  97  11:36  SCV  
  97  11:37  SCV, Marine  
  101  11:45  Marine  
  102  11:47  Refinery, Viking x2  
  102  11:49  Viking  
  108  12:02  SCV x3  
  108  12:05  Orbital Command  
  111  12:10  Command Center  
  111  12:17  Marine x2  
  111  12:18  Marine x4  
  111  12:19  Marine  
  111  12:20  Viking x2  
  111  12:21  Viking  
  124  13:00  SCV x2, Marine x6  
  124  13:01  Supply Depot  
  132  13:21  Marine, Viking x4  
  132  13:22  SCV x4  
  132  13:24  Supply Depot  
  145  13:34  SCV x2  
  100  13:46  Supply Depot, SCV  
Show
View Real Time Build Order
Export as new Build Order

Ekelpack Zerg 

Build Orders: Hatch First 

Get SALT Encoding   

  12  0:00  Drone  
  13  0:12  Overlord  
  13  0:17  Drone  
  14  0:30  Drone  
  15  0:47  Hatchery, Drone  
  15  1:02  Spawning Pool  
  14  1:05  Drone  
  14  1:11  Extractor  
  14  1:12  Drone  
  14  1:14  Drone  
  16  1:18  Drone  
  17  1:27  Drone  
  18  1:39  Drone  
  19  1:51  Queen  
  19  1:54  Zergling x2  
  22  1:58  Queen  
  24  2:03  Drone  
  25  2:11  Overlord  
  25  2:17  Drone  
  25  2:18  Drone  
  25  2:22  Drone  
  28  2:28  Drone, Extractor  
  28  2:33  Lair  
  28  2:38  Drone  
  28  2:40  Drone  
  30  2:45  Drone  
  30  2:46  Drone  
  32  2:53  Drone x2  
  34  3:02  Overlord  
  34  3:03  Drone x2  
  36  3:07  Extractor  
  36  3:08  Drone  
  36  3:20  Drone x3  
  36  3:22  Overlord  
  39  3:32  Spire  
  37  3:36  Zergling x6  
  37  3:37  Zergling x4  
  40  4:05  Spine Crawler  
  40  4:07  Spine Crawler  
  40  4:09  Drone x3  
  41  4:16  Extractor  
  40  4:20  Drone x2  
  40  4:23  Drone x3  
  45  4:34  Drone  
  45  4:35  Overlord x2  
  46  4:44  Queen  
  41  4:52  Mutalisk x2  
  41  4:53  Mutalisk x3  
  51  5:13  Mutalisk x2  
  51  5:14  Mutalisk  
  57  5:23  Mutalisk  
  57  5:24  Zergling x6  
  62  5:32  Mutalisk  
  64  5:36  Drone  
  62  5:53  Drone x3, Queen  
  54  6:01  Drone  
  54  6:02  Drone  
  53  6:09  Drone x5  
  58  6:35  Zergling x2  
  58  6:36  Zergling x6  
  62  6:44  Mutalisk x2  
  66  6:49  Overlord  
  66  6:50  Overlord  
  66  7:06  Mutalisk  
  66  7:07  Overlord  
  68  7:09  Mutalisk x2  
  68  7:10  Mutalisk  
  74  7:30  Mutalisk x3  
  74  7:31  Mutalisk x2  
  84  7:39  Overlord  
  84  7:40  Zergling x8  
  87  8:17  Metabolic Boost  
  85  8:24  Mutalisk x6  
  61  9:12  Zerg Flyer Weapons Level 1  
  61  9:14  Mutalisk x3  
  61  9:15  Mutalisk x2  
  61  9:16  Hatchery, Zergling x12  
  77  9:17  Zergling x2  
  77  9:26  Zergling x8  
  81  9:35  Mutalisk  
  81  9:36  Mutalisk  
  85  9:45  Zergling x6  
  88  10:14  Mutalisk x3  
  88  10:15  Zergling x2, Mutalisk x2  
  88  10:16  Zergling x2  
  88  10:17  Overlord  
  88  10:18  Overlord  
  100  10:44  Drone x4  
  100  10:45  Drone x6  
  100  10:48  Queen  
  112  11:06  Zerg Flyer Armor Level 1  
  112  11:19  Mutalisk  
  112  11:20  Overlord, Mutalisk x3  
  120  11:34  Extractor  
  120  11:36  Drone x3, Extractor  
  120  11:37  Drone  
  120  11:39  Overlord x3  
  122  11:45  Infestation Pit  
  121  11:50  Mutalisk x4  
  130  12:08  Zergling x4  
  130  12:09  Zergling x14  
  130  12:10  Zergling x2  
  127  12:42  Mutalisk x3  
  127  12:43  Mutalisk x5  
  141  13:01  Mutalisk x3  
  141  13:03  Zergling x8  
  141  13:04  Zergling x2  
  152  13:12  Overlord x2  
Show
View Real Time Build Order
Export as new Build Order

kak Zerg - Winner!

Build Orders: Pool First 

Get SALT Encoding   

  12  0:00  Drone  
  13  0:08  Drone  
  14  0:25  Spawning Pool  
  13  0:29  Drone  
  14  0:39  Extractor  
  14  0:40  Drone  
  14  0:46  Overlord  
  14  1:16  Hatchery, Drone  
  14  1:17  Drone  
  15  1:21  Drone  
  16  1:38  Queen  
  18  1:47  Metabolic Boost  
  18  1:56  Zergling x2  
  18  1:57  Zergling x4  
  21  2:08  Overlord  
  21  2:19  Zergling x2  
  22  2:27  Queen  
  22  2:29  Zergling x2  
  25  2:43  Zergling x6  
  28  2:50  Zergling x2  
  28  2:51  Zergling x6  
  32  3:02  Zergling x4  
  35  3:12  Drone  
  35  3:13  Drone  
  35  3:17  Overlord  
  36  3:37  Zergling x14  
  29  3:57  Zergling x4  
  29  3:58  Zergling x6  
  34  4:03  Zergling x6  
  38  4:10  Zergling x4  
  39  4:17  Queen  
  39  4:18  Queen  
  39  4:20  Zergling x2  
  44  4:27  Overlord  
  41  4:54  Zergling x2  
  41  4:55  Zergling x14  
  49  5:01  Overlord  
  34  5:30  Zergling x6  
  34  5:31  Zergling x12  
  43  5:49  Zergling x2  
  43  5:50  Zergling x6  
  39  6:05  Spore Crawler  
  39  6:07  Spore Crawler  
  39  6:10  Spore Crawler, Queen  
  38  6:12  Zergling x2  
  38  6:13  Zergling x8  
  37  6:34  Drone x3  
  37  6:39  Extractor  
  39  6:40  Drone x3  
  39  6:43  Drone  
  39  6:44  Drone  
  43  7:22  Drone  
  43  7:23  Drone x9  
  52  7:35  Spore Crawler  
  52  7:36  Spore Crawler  
  50  7:42  Queen  
  52  7:48  Overlord  
  45  8:25  Drone  
  45  8:26  Drone x3  
  47  8:29  Extractor  
  47  8:31  Extractor  
  45  8:58  Zergling x2  
  45  8:59  Zergling x34  
  61  9:08  Lair  
  61  9:37  Hatchery  
  60  9:40  Evolution Chamber  
  60  9:42  Drone x4, Evolution Chamber  
  62  9:46  Drone x3  
  64  10:02  Extractor  
  60  10:18  Spire  
  59  10:29  Hydralisk Den  
  59  10:30  Drone x2  
  59  10:33  Zerg Missile Weapons Level 1  
  59  10:34  Zerg Ground Armor Level 1  
  60  10:50  Overlord  
  60  10:51  Overlord x2  
  60  10:55  Hatchery  
  49  11:18  Hydralisk  
  49  11:19  Hydralisk x13  
  77  11:31  Hatchery  
  76  11:43  Grooved Spines  
  76  11:49  Hydralisk  
  76  11:50  Hydralisk x2  
  82  12:13  Zergling x18  
  91  12:16  Overlord  
  72  12:47  Hydralisk Den  
  72  12:50  Drone x6  
  72  12:51  Drone x3  
  80  13:10  Corruptor  
  82  13:14  Drone  
  82  13:15  Drone x3  
Show
View Real Time Build Order
Export as new Build Order

Roid Protoss - Winner!

Build Orders: 1 Gate Expand, Carriers, Carrier Rush 

Get SALT Encoding   

  12  0:00  Probe  
  13  0:12  Probe  
  14  0:24  Probe  
  14  0:25  Pylon  
  15  0:43  Probe  
  15  0:45  Gateway  
  16  0:50  Assimilator  
  16  0:53  Probe  
  17  1:01  Probe  
  17  1:10  Probe  
  19  1:23  Assimilator  
  19  1:24  Probe  
  20  1:35  Nexus  
  20  1:42  Cybernetics Core  
  20  1:45  Probe  
  21  1:55  Pylon  
  21  1:57  Probe  
  22  2:09  Probe  
  23  2:21  Probe  
  24  2:23  Stargate  
  24  2:33  Probe  
  25  2:43  Stargate  
  25  2:44  Probe  
  25  2:45  Probe  
  27  2:52  Probe  
  27  2:57  Probe  
  29  3:02  Probe  
  30  3:09  Probe  
  30  3:12  Void Ray, Probe  
  35  3:16  Pylon  
  36  3:20  Probe  
  36  3:21  Probe  
  38  3:28  Probe  
  38  3:33  Probe  
  40  3:34  Assimilator  
  40  3:40  Probe  
  41  3:43  Fleet Beacon  
  41  3:46  Probe  
  41  3:47  Pylon  
  42  3:51  Assimilator  
  42  3:52  Probe  
  43  3:58  Probe  
  44  4:04  Probe  
  45  4:11  Forge, Probe  
  45  4:16  Probe  
  47  4:23  Probe  
  48  4:28  Probe  
  49  4:35  Probe  
  49  4:36  Carrier  
  56  4:40  Probe  
  57  4:47  Probe  
  58  4:53  Probe  
  59  5:04  Probe  
  59  5:05  Probe  
  61  5:12  Protoss Air Weapons Level 1  
  61  5:18  Protoss Shields Level 1, Photon Cannon  
  61  5:19  Nexus  
  61  5:21  Pylon  
  61  5:23  Photon Cannon  
  61  5:24  Pylon  
  61  5:32  Pylon  
  61  5:39  Carrier  
  61  5:42  Photon Cannon  
  67  5:44  Photon Cannon  
  67  5:48  Shield Battery  
  63  5:52  Photon Cannon  
  63  5:58  Shield Battery  
  63  5:59  Carrier  
  63  6:00  Photon Cannon  
  69  6:10  Photon Cannon  
  69  6:17  Assimilator  
  69  6:22  Assimilator  
  69  6:25  Shield Battery  
  69  6:31  Stargate  
  69  6:43  Carrier  
  75  6:48  Cybernetics Core  
  75  6:49  Pylon  
  75  6:52  Pylon  
  75  6:53  Probe  
  75  6:54  Pylon, Probe x2  
  78  7:05  Probe  
  78  7:06  Probe  
  80  7:14  Carrier  
  86  7:18  Protoss Air Weapons Level 2  
  86  7:23  Pylon  
  86  7:25  Protoss Air Armor Level 1, Pylon  
  85  7:30  Carrier  
  91  7:51  Probe  
  91  7:52  Probe x2  
  91  7:53  Carrier  
  100  8:03  Probe  
  100  8:04  Probe x2  
  103  8:08  Photon Cannon  
  103  8:11  Photon Cannon  
  103  8:18  Carrier  
  109  8:20  Twilight Council, Pylon  
  109  8:23  Probe x2  
  109  8:24  Probe  
  112  8:38  Carrier  
  112  8:39  Stargate  
  100  9:05  Carrier  
  106  9:17  Protoss Air Weapons Level 3  
  106  9:23  Carrier  
  112  9:26  Nexus  
  112  9:28  Pylon  
  112  9:30  Pylon  
  112  9:31  Protoss Air Armor Level 2, Carrier  
  112  9:34  Pylon  
  118  9:56  Photon Cannon  
  118  10:01  Photon Cannon  
  118  10:03  Carrier  
  118  10:04  Photon Cannon  
  118  10:06  Shield Battery  
  124  10:15  Carrier  
  124  10:17  Protoss Shields Level 2  
  130  10:23  Probe x3  
  130  10:26  Photon Cannon  
  133  10:35  Probe x3  
  136  10:40  Carrier  
  142  11:01  Carrier  
  148  11:04  Assimilator  
  148  11:08  Assimilator  
  148  11:14  Carrier  
  154  11:29  Probe  
  154  11:32  Carrier  
  161  11:41  Probe  
  162  11:51  Photon Cannon  
  162  11:53  Probe  
  163  11:54  Carrier  
  169  12:05  Probe  
  169  12:07  Nexus  
  170  12:08  Pylon  
  170  12:12  Carrier, Pylon  
  176  12:27  Carrier  
  182  12:44  Carrier  
  194  13:09  Assimilator  
  194  13:12  Assimilator  
  194  13:14  Photon Cannon  
  194  13:16  Photon Cannon  
  194  13:17  Photon Cannon  
  194  13:20  Photon Cannon  
  194  13:21  Photon Cannon  
  194  13:24  Shield Battery  
  200  13:27  Shield Battery  
  182  13:41  Stargate  
Tags
 
Add a new tag
Caveats
  • Supply blocks, unpowered buildings, or Contaminate may cause inaccurate times.
  • Supply counts are checked every 10 seconds.